Workbook
Name Clasificacion: [1]ParametrizaciónTamaño!$A$3:$C$6

Sheet PROCESOS SECOP
B1: Entidad | C1: Numero | D1: Objeto | E1: Modalidad | F1: Presupuestos | G1: Plazo | H1: Proceso | I1: Liquidez | J1: Índice de Endeudamiento | K1: Cobertura de Intereses | L1: Rentabilidad Del Activo | M1: Rentabilidad Del Patrimonio | N1: Capital de Trabajo
B2: ALCALDIA DISTRITO DE RIOHACHA | C2: CMA-002-2025 | D2: INTERVENTORIA TECNICA, ADMINISTRATIVA, FINANCIERA Y LEGAL DE LA PRIMERA ETAPA DEL PROYECTO MEJORAMIENTO DE VIVIENDA DE INTERES SOCIAL PARA POBLACION VULNERABLE A TRAVES DEL PROGRAMA NACIONAL CAMBIA MI CASA EN DIFERENTES SECTORES URBANOS DEL DISTRITO DE RIOHACHA | E2: Concurso de Meritos Abierto | F2: 234000000 | G2: 8 meses | H2: =+CONCATENATE(B2,C2,D2,E2,F2,G2) -> ALCALDIA DISTRITO DE RIOHACHACMA-002-2025INTERVENTORIA TECNICA, ADMINISTRATIVA, FINANCIERA Y LEGAL DE LA PRIMERA ETAPA DEL PROYECTO MEJORAMIENTO DE VIVIENDA DE INTERES SOCIAL PARA POBLACION VULNERABLE A TRAVES DEL PROGRAMA NACIONAL CAMBIA MI CASA EN DIFERENTES SECTORES URBANOS DEL DISTRITO DE RIOHACHA Concurso de Meritos Abierto 2340000008 meses | I2: 2.5 | J2: 0.5 | K2: 4 | L2: 0.04 | M2: 0.06 | N2: N/A
B3: ALCALDIA LOCAL DE KENNEDY | C3: FDLK-CMA-001-2024 | D3: REALIZAR LA INTERVENTORIA TECNICA, ADMINISTRATIVA, FINANCIERA, JURÍDICA, AMBIENTAL, SOCIAL Y DE SEGURIDAD Y SALUD EN EL TRABAJO A LAS OBRAS DE CONSTRUCCIÓN Y /O CONSERVACIÓN DE LA MALLA VIAL, CICLOINFRAESTRUCTURA, ESPACIO PÚBLICO, ACCIONES DE MOVILIDAD Y ATENCIÓN DE PUNTOS CRÍTICOS DE MOVILIDAD POR EL SISTEMA DE PRECIOS UNITARIOS A MONTO AGOTABLE DE LA LOCALIDAD DE KENNEDY, BOGOTÁ D.C, GRUPO 1 Y 2." | E3: Concurso de méritos abierto | F3: 4099444441 | G3: 15 (Meses) | H3: ALCALDIA LOCAL DE KENNEDY FDLK-CMA-001-2024 REALIZAR LA INTERVENTORIA TECNICA, ADMINISTRATIVA, FINANCIERA, JURÍDICA, AMBIENTAL, SOCIAL Y DE SEGURIDAD Y SALUD EN EL TRABAJO A LAS OBRAS DE CONSTRUCCIÓN Y /O CONSERVACIÓN DE LA MALLA VIAL, CICLOINFRAESTRUCTURA, ESPACIO PÚBLICO, ACCIONES DE MOVILIDAD Y ATENCIÓN DE PUNTOS CRÍTICOS DE MOVILIDAD POR EL SISTEMA DE PRECIOS UNITARIOS A MONTO AGOTABLE DE LA LOCALIDAD DE KENNEDY, BOGOTÁ D.C, GRUPO 1 Y 2." Concurso de méritos abierto $ 4.099.444.441 15 (Meses) | I3: 1.21 | J3: 0.7 | K3: 1 | L3: 0.02 | M3: 0.04 | N3: N/A
B4: ALCALDIA LOCAL DE USME | C4: FDLU-CMA-005-2024 | D4: REALIZAR LA INTERVENTORÍA TÉCNICA, ADMINISTRATIVA, FINANCIERA, SISO, CONTABLE, AMBIENTAL Y JURIDICA AL CONTRATO QUE RESULTE DEL PROCESO FDLU-LP-004-2024 (109224) QUE TIENE POR OBJETO: REALIZAR A TRAVÉS DEL SISTEMA DE PRECIOS UNITARIOS FIJOS YA MONTO AGOTABLE, LAS ACTIVIDADES DE CONSTRUCCIÓN DE LA MALLA VIAL LOCAL E INTERMEDIA Y ESPACIO PÚBLICO EN LA LOCALIDAD DE USME - BOGOTÁ DC | E4: Concurso de méritos abierto | F4: 1500000000 | G4: 12 (Meses) | H4: ALCALDIA LOCAL DE USME FDLU-CMA-005-2024 REALIZAR LA INTERVENTORÍA TÉCNICA, ADMINISTRATIVA, FINANCIERA, SISO, CONTABLE, AMBIENTAL Y JURIDICA AL CONTRATO QUE RESULTE DEL PROCESO FDLU-LP-004-2024 (109224) QUE TIENE POR OBJETO: REALIZAR A TRAVÉS DEL SISTEMA DE PRECIOS UNITARIOS FIJOS YA MONTO AGOTABLE, LAS ACTIVIDADES DE CONSTRUCCIÓN DE LA MALLA VIAL LOCAL E INTERMEDIA Y ESPACIO PÚBLICO EN LA LOCALIDAD DE USME - BOGOTÁ DC Concurso de méritos abierto $ 1.500.000.000 12 (Meses) | I4: 1.21 | J4: 0.7 | K4: 1 | L4: 0.02 | M4: 0.04 | N4: N/A
B5: ALCALDÍA LOCAL DE PUENTE ARANDA | C5: FDLPA-CMA-053-2025 | D5: REALIZAR LA INTERVENTORIA TECNICA, ADMINISTRATIVA, LEGAL, FINANCIERA, SOCIAL, AMBIENTAL Y SST PARA EL CONTRATO DE OBRA PUBLICA RESULTANTE DEL PROCESO DE LICITACION PUBLICA FDLPA-LP-045-2025 cuyo objeto es EJECUCIÓN DE OBRAS DE CONSERVACIÓN SOBRE LA MALLA VIAL LOCAL, INTERMEDIA Y ESPACIO PÚBLICO EN LA LOCALIDAD DE PUENTE ARANDA, BOGOTÁ DC, BAJO LA MODALIDAD DE PRECIOS FIJOS Y MONTO AGOTABLE. | E5: Concurso de méritos abierto | F5: 2121086477 | G5: 19 (Meses) | H5: ALCALDÍA LOCAL DE PUENTE ARANDA FDLPA-CMA-053-2025 REALIZAR LA INTERVENTORIA TECNICA, ADMINISTRATIVA, LEGAL, FINANCIERA, SOCIAL, AMBIENTAL Y SST PARA EL CONTRATO DE OBRA PUBLICA RESULTANTE DEL PROCESO DE LICITACION PUBLICA FDLPA-LP-045-2025 cuyo objeto es EJECUCIÓN DE OBRAS DE CONSERVACIÓN SOBRE LA MALLA VIAL LOCAL, INTERMEDIA Y ESPACIO PÚBLICO EN LA LOCALIDAD DE PUENTE ARANDA, BOGOTÁ DC, BAJO LA MODALIDAD DE PRECIOS FIJOS Y MONTO AGOTABLE. Concurso de méritos abierto $ 2.121.086.477 19 (Meses) | I5: 1.2 | J5: 0.65 | K5: 1.5 | L5: 0.02 | M5: 0.03 | N5: N/A
B6: ALCALDÍA MUNICIPAL DE VALLEDUPAR | C6: CMA-SOP-007-2025 | D6: INTERVENTORIA TÉCNICA, ADMINISTRATIVA, AMBIENTAL Y FINANCIERA PARA EL MEJORAMIENTO DE LA MALLA VIAL URBANA EN LOS BARRIOS DE LA CIUDAD DE VALLEDUPAR, CESAR | E6: Concurso de méritos abierto | F6: 1968704930 | G6: 19 (Meses) | H6: ALCALDÍA MUNICIPAL DE VALLEDUPAR CMA-SOP-007-2025 INTERVENTORIA TÉCNICA, ADMINISTRATIVA, AMBIENTAL Y FINANCIERA PARA EL MEJORAMIENTO DE LA MALLA VIAL URBANA EN LOS BARRIOS DE LA CIUDAD DE VALLEDUPAR, CESAR Concurso de méritos abierto $ 1.968.704.930 19 (Meses) | I6: 2 | J6: 0.6 | K6: 2 | L6: 0.05 | M6: 0.08 | N6: N/A
B7: ALCALDÍA LOCAL DE TUNJUELITO | C7: FDLT-CMA 280-2024 | D7: REALIZAR LA INTERVENTORIA TECNICA, ADMINISTRATIVA, LEGAL, FINANCIERA, SOCIAL, AMBIENTAL Y SST PARA EL CONTRATO DE OBRA PUBLICA RESULTANTES DEL PROCESO DE LICITACION PUBLICA FDLT-LP 218-2024 CUYO OBJETO ES: "EJECUTAR A MONTO AGOTABLE POR EL SISTEMA DE PRECIOS UNITARIOS, LAS ACTIVIDADES PARA LA CONSERVACIÓN Y/O MANTENIMIENTO Y/O REHABILITACIÓN DE LA MALLA VIAL LOCAL E INTERMEDIA Y ESPACIO PUBLICO ASOCIADO EN LA LOCALIDAD DE TUNJUELITO DE LA CIUDAD DE BOGOTÁ DC | E7: Concurso de méritos abierto | F7: 515000000 | G7: 8 (Meses) | H7: ALCALDÍA LOCAL DE TUNJUELITO FDLT-CMA 280-2024 REALIZAR LA INTERVENTORIA TECNICA, ADMINISTRATIVA, LEGAL, FINANCIERA, SOCIAL, AMBIENTAL Y SST PARA EL CONTRATO DE OBRA PUBLICA RESULTANTES DEL PROCESO DE LICITACION PUBLICA FDLT-LP 218-2024 CUYO OBJETO ES: "EJECUTAR A MONTO AGOTABLE POR EL SISTEMA DE PRECIOS UNITARIOS, LAS ACTIVIDADES PARA LA CONSERVACIÓN Y/O MANTENIMIENTO Y/O REHABILITACIÓN DE LA MALLA VIAL LOCAL E INTERMEDIA Y ESPACIO PUBLICO ASOCIADO EN LA LOCALIDAD DE TUNJUELITO DE LA CIUDAD DE BOGOTÁ DC Concurso de méritos abierto $ 515.000.000 8 (Meses) | I7: 1.21 | J7: 0.7 | K7: 1 | L7: 0.02 | M7: 0.04 | N7: N/A
B8: INSTITUTO DISTRITAL DE PATRIMONIO CULTURAL | C8: IDPC-CMA-003-2024 | D8: Realizar la interventoría técnica, administrativa, jurídica y económica de la consultoría cuyo objeto es "ETAPA II: ELABORACIÓN DE LOS DISEÑOS Y ESTUDIOS TÉCNICOS PARA REALIZAR LA INTERVENCIÓN INTEGRAL DEL INMUEBLE DENOMINADO "CASA COLORADA", ubicado en la calle 12B No.3-3, PROPIEDAD DEL INSTITUTO DISTRITAL DE PATRIMONIO CULTURAL". | E8: Concurso de Meritos Abierto | F8: 102840574 | G8: 5 meses | H8: =+CONCATENATE(B8,C8,D8,E8,F8,G8) -> INSTITUTO DISTRITAL DE PATRIMONIO CULTURALIDPC-CMA-003-2024Realizar la interventoría técnica, administrativa, jurídica y económica de la consultoría cuyo objeto es "ETAPA II: ELABORACIÓN DE LOS DISEÑOS Y ESTUDIOS TÉCNICOS PARA REALIZAR LA INTERVENCIÓN INTEGRAL DEL INMUEBLE DENOMINADO "CASA COLORADA", ubicado en la calle 12B No.3-3, PROPIEDAD DEL INSTITUTO DISTRITAL DE PATRIMONIO CULTURAL". Concurso de Meritos Abierto 102840574 5 meses | I8: 1.2 | J8: 0.8 | K8: 1 | L8: 0.03 | M8: 0.03 | N8: 0.01
H9: PROMEDIO | I9: =+AVERAGE(I2:I8) -> 1.5042857 | J9: =+AVERAGE(J2:J8) -> 0.66428571 | K9: =+AVERAGE(K2:K8) -> 1.6428571 | L9: =+AVERAGE(L2:L8) -> 0.028571429 | M9: =+AVERAGE(M2:M8) -> 0.045714286 | N9: =+AVERAGE(N2:N8) -> 0.01
H10: MEDIANA | I10: =+MEDIAN(I2:I8) -> 1.21 | J10: =+MEDIAN(J2:J8) -> 0.7 | K10: =+MEDIAN(K2:K8) -> 1 | L10: =+MEDIAN(L2:L8) -> 0.02 | M10: =+MEDIAN(M2:M8) -> 0.04 | N10: =+MEDIAN(N2:N8) -> 0.01

Sheet EMPRESAS
A1: No. | B1: Nombre Empresa | C1: INDICE DE LI- QUIDEZ | D1: ENDEUDA- MIENTO | E1: COBERTURA DE INTERESES | F1: RENTABILIDAD DEL PATRIMONIO | G1: RENTABILI- DAD DEL ACTIVO
A2: 1 | B2: DISEÑOS Y CONSTRUCCIONES S.A.S | C2: 2.5 | D2: 0.76 | E2: 2.69 | F2: 0.46 | G2: 0.11
A3: 2 | B3: PEREA Y CÍA S.A.S. | C3: 7.23 | D3: 17.66 | E3: 5.66 | F3: 15.27 | G3: 12.57
A4: 3 | B4: ZR INGENIERIA SA | C4: 1.3 | D4: 60.05 | E4: 1.67 | F4: 0.68 | G4: 0.27
A5: 4 | B5: CONSTRUCTORA A CRUZ SAS | C5: 10.38 | D5: 42.26 | E5: 2.37 | F5: 5.79 | G5: 3.34
A6: 5 | B6: DISCON SAS | C6: 1.49 | D6: 76.17 | E6: 1.31 | F6: 12.8 | G6: 3.05
A7: 6 | B7: LM CONSTRUCTORES SAS | C7: 1.04 | D7: 20.64 | E7: 4.85 | F7: 1.8 | G7: 1.43
A8: 7 | B8: MIPKO CONSTRUCTORES SAS | C8: 2.11 | D8: 78.69 | E8: 1.27 | F8: 13.23 | G8: 2.82
A9: 8 | B9: COMERCIALIZADORA SOTINCOL SAS | C9: 114.43 | D9: 0.21 | E9: 485.77 | F9: 7.96 | G9: 7.94
A10: 9 | B10: CONSTRUCCIONES E INVERSIONES ATIQUE SAS | C10: 0.93 | D10: 14.07 | E10: 7.11 | F10: 0.52 | G10: 0.45
A11: 10 | B11: CONSTRUCCIONES BUENDIA Y LOPEZ SAS | C11: 1.12 | D11: 46.15 | E11: 2.17 | F11: 7.45 | G11: 4.01
A12: 11 | B12: ABRAHAM ENRIQUE ESPINOSA DIAZ | C12: 227.02 | D12: 0.01 | E12: 133.17 | F12: 0.2 | G12: 0.2
A13: 12 | B13: INTERVENTORIA Y CONSTRUCIVILES SAS | C13: 5.43 | D13: 0.07 | F13: 0.17 | G13: 0.16
A14: 13 | B14: CB INGENIEROS SAS | C14: 5.76 | D14: 0.6 | E14: 6.53 | F14: 0.31 | G14: 0.13
A15: 14 | B15: MIRS LATINOAMERICA S.A.S | C15: 36.02 | D15: 0.34 | E15: 195.78 | F15: 0.47 | G15: 0.31
A16: 15 | B16: PROYECTISTAS DE COLOMBIA & CIA SAS | C16: 83.71 | D16: 0.01 | E16: 23.4 | F16: 0.08 | G16: 0.08
A17: 16 | B17: 2L proyectos sas | C17: 244.46 | D17: 0.09 | E17: 26.58 | F17: 0.13 | G17: 0.11
A18: 17 | B18: GNG SERVICIOS DE INGENIERIA S.A.S. | C18: 15.64 | D18: 0.53 | E18: 152.41 | F18: 0.22 | G18: 0.1
A19: 18 | B19: Covilco S.A.S | C19: 45.92 | D19: 0.07 | E19: 61011.56 | F19: 0.4 | G19: 0.37
A20: 19 | B20: Ludwig Paez Muñoz | C20: 34.47 | D20: 0.19 | E20: 1301.84 | F20: 0.25 | G20: 0.21
A21: 20 | B21: CARING SAS BIC | C21: 7.35 | D21: 0.2 | F21: 0.26 | G21: 0.2
A22: 21 | B22: GABRIEL ANTONIO DUARTE DÍAZ | C22: 20.74 | D22: 0.1 | E22: 75.46 | F22: 0.11 | G22: 0.1
A23: 22 | B23: INGCONSASAS | C23: 4.82 | D23: 0.28 | E23: 267.63 | F23: 0.23 | G23: 0.16
A24: 23 | B24: DAM SOLUCIONES E INGENIERIA SAS | C24: 3.36 | D24: 0.58 | E24: 8.36 | F24: 0.21 | G24: 0.09
A25: 24 | B25: Soluciones para la Ingeniería S.A.S | C25: 623.48 | D25: 0 | E25: 58.15 | F25: 0.1 | G25: 0.1
A26: 25 | B26: DBB INGENIERÍA SAS | C26: 126.44 | D26: 0.01 | E26: 6.26 | F26: 0.01 | G26: 0.01
A27: 26 | B27: TOTALL S.A.S. | C27: 56.66 | D27: 0.02 | E27: 189.85 | F27: 0.17 | G27: 0.17
A28: 27 | B28: Infraobras Ingenieria S.A.S. | C28: 1.58 | D28: 0.37 | F28: 0.12 | G28: 0.07
B30: Promedio | C30: =+AVERAGE(C2:C28) -> 62.421852 | D30: =+AVERAGE(D2:D28) -> 13.338148 | E30: =+AVERAGE(E2:E11) -> 51.487 | F30: =+AVERAGE(F2:F28) -> 2.5703704 | G30: =+AVERAGE(G2:G28) -> 1.4281481
B31: Mediana | C31: =+MEDIAN(C2:C28) -> 7.35 | D31: =+MEDIAN(D2:D28) -> 0.34 | E31: =+MEDIAN(E2:E11) -> 2.53 | F31: =+MEDIAN(F2:F28) -> 0.26 | G31: =+MEDIAN(G2:G28) -> 0.2

Sheet RESUMEN INDICADORES
C3: Indicador | D3: Procesos Secop | E3: Empresas | F3: Pliegos Tipo
F4: MiPyme | G4: No MiPyme
C5: INDICE DE LIQUIDEZ | D5: =+'PROCESOS SECOP'!I10 -> 1.21 | E5: =+EMPRESAS!C31 -> 7.35 | F5: 1.1 | G5: 1.2
C6: ENDEUDAMIENTO | D6: =+'PROCESOS SECOP'!J10 -> 0.7 | E6: =+EMPRESAS!D31 -> 0.34 | F6: 0.65 | G6: 0.65
C7: COBERTURA DE INTERESES | D7: =+'PROCESOS SECOP'!K10 -> 1 | E7: =+EMPRESAS!E31 -> 2.53 | F7: 1.5 | G7: 1.5
C8: RENTABILIDAD DEL PATRIMONIO | D8: =+'PROCESOS SECOP'!M10 -> 0.04 | E8: =+EMPRESAS!F31 -> 0.26 | F8: 0.02 | G8: 0.03
C9: RENTABILIDAD DEL ACTIVO | D9: =+'PROCESOS SECOP'!L10 -> 0.02 | E9: =+EMPRESAS!G31 -> 0.2 | F9: 0.01 | G9: 0.02
E14: Anticipo | F14: Duración | G14: Apalancamiento
C15: CAPITAL DE TRABAJO | D15: 215262693 | E15: 0 | F15: 7 | G15: 0
C16: Resultado | D16: =D15*D17 -> 71754231
C17: Porcentaje | D17: 0.33333333
E18: =+E16/E15 -> #DIV/0!
